Avalanche vs Penguins (R1)

Created - December 23, 2024 at 19:02

Goals
1 2 3 T
Avalanche 2 1 2 5
Penguins 0 0 4 4
Shots
1 2 3 T
Avalanche 10 8 17 35
Penguins 15 7 15 37

1st period

1. Avalanche , Patric Hornqvist 6 (Jack Johnson 3) at 1:35
2. Avalanche , Drake Caggiula 4 (David Rundblad 7, Joseph Blandisi 9) at 9:24

Penalties :
Ryan O'Reilly (Col) for Tripping (Minor) at 13:19, Keith Aulie (Pit) for Holding Stick (Minor) at 19:04

2nd period

3. Avalanche , Drake Caggiula 5 (Joseph Blandisi 10, Ryan Hartman 5) at 16:45

Penalties :
Nick Cousins (Col) for Slashing (Minor) at 5:34, Jeff Carter (Pit) for Goalie Interference (Minor) at 17:22

3rd period

4. Penguins , Brandon Tanev 7 (Colin Wilson 4, Gavin Bayreuther 13) at 1:41
5. Penguins , Keith Aulie 3 (Sebastian Aho 12, Pavel Zacha 8) at 7:31 (PP)
6. Avalanche , Kyle Clifford 6 (Rickard Rakell 10, Jean-Gabriel Pageau 13) at 11:22 (PP)
7. Avalanche , Nick Cousins 10 (Stefan Elliott 8, Bryan Little 17) at 15:25
8. Penguins , Mark Scheifele 13 (John Tavares 16) at 17:12 (PP)
9. Penguins , Pavel Zacha 7 (Sebastian Aho 13, Oscar Klefbom 14) at 19:27

Penalties :
Erik Karlsson (Col) for High sticking (Minor) at 6:34, Iven Barbashev (Pit) for Delaying the game (Minor) at 11:17, Rickard Rakell (Col) for Tripping (Minor) at 16:31

Goalie Stats

Robin Lehner (Col), 33 saves from 37 shots - (0.892), W, 10-11-0, 60:00 minutes
Ondrej Pavelec (Pit), 30 saves from 35 shots - (0.857), L, 9-6-2, 59:52 minutes

Players Stats for Avalanche

Player Name              G  A  P  +/- PIM S  H  SB GA TA FO     MP     PP MP  PK MP  
------------------------------------------------------------------------------------
Andrei Kuzmenko          0  0  0  -1  0   2  1  0  0  1  1/2    16:15   2:01   0:00 
Anthony Duclair          0  0  0   1  0   0  0  0  0  0  0/0    13:59   0:00   0:33 
Bryan Little             0  1  1   1  0   5  2  0  1  1  8/15   15:54   2:01   0:27 
David Rundblad           0  1  1   1  0   2  2  0  0  2  0/0    20:58   2:02   2:53 
Drake Caggiula           2  0  2   2  0   2  1  0  1  0  4/4     7:41   0:00   0:00 
Erik Karlsson            0  0  0  -1  2   1  1  1  0  1  0/0    20:43   2:01   0:00 
Jack Johnson             0  1  1   1  0   0  1  0  0  0  0/0    19:27   0:00   2:43 
Jacob Slavin             0  0  0  -1  0   1  0  1  1  0  0/0    26:00   2:01   2:53 
Jean-Gabriel Pageau      0  1  1  -1  0   2  4  1  1  0  13/21  19:18   2:02   2:28 
Joseph Blandisi          0  2  2   2  0   2  0  0  0  0  0/0     7:46   0:00   0:00 
Kyle Clifford            1  0  1   0  0   4  2  0  0  0  1/2    18:03   2:02   2:28 
Nick Cousins             1  0  1   1  2   4  0  1  0  0  1/1    15:47   2:01   0:00 
Patric Hornqvist         1  0  1  -1  0   3  3  0  0  1  2/3    18:11   0:00   2:35 
Rickard Rakell           0  1  1   0  2   3  0  0  0  0  0/0    17:46   2:02   0:56 
Ryan Hartman             0  1  1   2  0   0  0  0  0  0  0/0     7:31   0:00   0:00 
Ryan O'Reilly            0  0  0   0  2   1  0  0  1  0  9/20   16:10   0:00   1:45 
Stefan Elliott           0  1  1   2  0   2  2  0  0  0  0/0    16:03   2:02   0:00 
Vladislav Gavrikov       0  0  0   2  0   1  1  2  0  0  0/0    16:48   0:00   2:43 

Players Stats for Penguins

Player Name              G  A  P  +/- PIM S  H  SB GA TA FO     MP     PP MP  PK MP  
------------------------------------------------------------------------------------
Brandon Tanev            1  0  1   0  0   2  1  0  0  0  0/0     7:55   0:00   0:52 
Colin Wilson             0  1  1   0  0   1  1  0  0  0  1/5     6:57   0:00   0:17 
Gavin Bayreuther         0  1  1   0  0   1  1  0  0  0  0/0    13:15   2:10   0:00 
Iven Barbashev           0  0  0   0  2   2  2  0  0  0  0/0     7:08   0:05   0:23 
Jeff Carter              0  0  0   0  2   2  0  0  0  1  5/7    12:16   0:00   0:00 
John Tavares             0  1  1  -2  0   1  2  0  2  0  15/36  20:56   3:16   0:52 
Keith Aulie              1  0  1   1  2   3  1  1  0  2  0/0    27:25   3:26   1:20 
Kirill Kaprizov          0  0  0  -2  0   3  6  0  0  0  0/1    19:33   3:11   0:00 
Marcus Foligno           0  0  0   0  0   2  1  1  1  0  0/0    15:03   0:00   2:48 
Mark Scheifele           1  0  1  -2  0   3  6  0  0  0  2/6    22:33   3:16   2:54 
Mathew Barzal            0  0  0   0  0   2  1  0  1  0  0/0    16:58   2:20   0:00 
Nick Blankenburg         0  0  0  -3  0   1  3  1  0  1  0/0    19:44   0:00   2:43 
Nick Leddy               0  0  0  -3  0   4  1  3  0  1  0/0    18:07   0:00   0:44 
Nikita Tryamkin          0  0  0   0  0   0  0  1  0  0  0/0    13:15   2:10   0:00 
Oscar Klefbom            0  1  1   1  0   1  4  2  1  0  0/0    28:38   3:26   3:19 
Pavel Zacha              1  1  2   0  0   3  1  0  0  0  0/0    16:58   2:20   0:00 
Sebastian Aho            0  2  2   0  0   4  0  0  1  0  6/13   16:58   2:20   0:00 
Tom Wilson               0  0  0   0  0   2  2  0  0  0  0/0    12:15   0:00   0:00 

3 Stars

1 - Drake Caggiula (Col)
2 - Joseph Blandisi (Col)
3 - Pavel Zacha (Pit)

Power Play

Avalanche - 1 on 3 Attempt(s) - 33.33%
Penguins - 2 on 4 Attempt(s) - 50.00%

Penalty Kill

Avalanche - 2 on 4 Attempt(s) - 50.00% - Score 0 goal in Penalty Kill
Penguins - 2 on 3 Attempt(s) - 66.67% - Score 0 goal in Penalty Kill

Team Stat

Avalanche - Hits : 20 - Faceoff Wins : 39 - Blocked Shots : 6 - Penalty Minutes : 8
Penguins - Hits : 33 - Faceoff Wins : 29 - Blocked Shots : 9 - Penalty Minutes : 6

Official

Referees : Reid Anderson and Kyle Rehman
Linesman : Julien Fournier and Andrew Smith

Game Notes

No Game Note

Finance

Level 1 -- Attendance: 5594 (93.23%) -- Ticket Income $559,400
Level 2 -- Attendance: 4688 (93.76%) -- Ticket Income $328,160
Level 3 -- Attendance: 2000 (100.00%) -- Ticket Income $80,000
Level 4 -- Attendance: 4000 (100.00%) -- Ticket Income $120,000
Luxury Box -- Attendance: 967 (96.70%) -- Ticket Income $193,400
Game was played at the PPG Paint Arena.
Total Attendance: 17249 (95.83%)
Total Ticket Income: $1,280,960
Other Income: $192,144
Total Income: $1,473,104

Avalanche

5 vs 5 Forward 
   Center                   Left Wing                Right Wing               Time % Phy DF OF 
 1 Jean-Gabriel Pageau      Andrei Kuzmenko          Patric Hornqvist         31     1   2  2  
 2 Ryan O'Reilly            Kyle Clifford            Rickard Rakell           31     1   2  2  
 3 Bryan Little             Anthony Duclair          Nick Cousins             27     1   2  2  
 4 Drake Caggiula           Joseph Blandisi          Ryan Hartman             11     1   2  2  

5 vs 5 Defense 
   Defense                  Defense                                           Time % Phy DF OF 
 1 Erik Karlsson            Jacob Slavin                                      38     1   2  2  
 2 Jack Johnson             David Rundblad                                    30     1   2  2  
 3 Vladislav Gavrikov       Stefan Elliott                                    28     1   2  2  
 4 Jack Johnson             Jacob Slavin                                      4      1   2  2  

PowerPlay Forward 
   Center                   Left Wing                Right Wing               Time % Phy DF OF 
 1 Jean-Gabriel Pageau      Kyle Clifford            Rickard Rakell           50     0   1  4  
 2 Bryan Little             Andrei Kuzmenko          Nick Cousins             50     0   1  4  

PowerPlay Defense
   Defense                  Defense                                           Time % Phy DF OF 
 1 Jacob Slavin             Erik Karlsson                                     50     0   2  3  
 2 Stefan Elliott           David Rundblad                                    50     0   2  3  

Penalty Kill 4 Players Forward 
   Center                   Wing                     Time % Phy DF OF 
 1 Jean-Gabriel Pageau      Kyle Clifford            50     1   3  1  
 2 Ryan O'Reilly            Patric Hornqvist         50     1   3  1  

Penalty Kill 4 Players Defense
   Defense                  Defense                  Time % Phy DF OF 
 1 Jacob Slavin             David Rundblad           50     1   3  1  
 2 Jack Johnson             Vladislav Gavrikov       50     1   3  1  

Penalty Kill - 3 Players Forward 
   Forward                                           Time % Phy DF OF 
 1 Kyle Clifford                                     55     1   4  0  
 2 Jean-Gabriel Pageau                               45     1   4  0  

Penalty Kill - 3 Players Defense
   Defense                  Defense                  Time % Phy DF OF 
 1 Jacob Slavin             David Rundblad           50     1   4  0  
 2 Jack Johnson             Vladislav Gavrikov       50     1   4  0  

4 vs 4 Forward 
   Center                   Wing                     Time % Phy DF OF 
 1 Jean-Gabriel Pageau      Kyle Clifford            50     1   2  2  
 2 Ryan O'Reilly            Andrei Kuzmenko          50     1   2  2  

4 vs 4 Defense
   Defense                  Defense                  Time % Phy DF OF 
 1 Jacob Slavin             Vladislav Gavrikov       55     1   2  2  
 2 Jack Johnson             David Rundblad           45     1   2  2  

Last Minutes Offensive
   Center                   Left Wing                Right Wing               Defense                  Defense                  
   Jean-Gabriel Pageau      Anthony Duclair          Patric Hornqvist         Erik Karlsson            Jacob Slavin             

Last Minutes Defensive
   Center                   Left Wing                Right Wing               Defense                  Defense                  
   Jean-Gabriel Pageau      Kyle Clifford            Rickard Rakell           Jacob Slavin             Jack Johnson             

Goaltenders
Starting : Robin Lehner             
Backup : Semyon Varlamov          

Extra Forwards
Normal : Drake Caggiula, Joseph Blandisi, Ryan Hartman - PP : Anthony Duclair, Ryan O'Reilly - PK : Rickard Rakell
Extra Defensemen
Normal : Vladislav Gavrikov, Stefan Elliott, David Rundblad - PP : Vladislav Gavrikov - PK : Stefan Elliott, Erik Karlsson
Penalty Shots
Andrei Kuzmenko, Anthony Duclair, Bryan Little, Patric Hornqvist, Kyle Clifford
Custom OT Lines Forwards
Kyle Clifford, Jean-Gabriel Pageau, Bryan Little, Patric Hornqvist, Rickard Rakell, Ryan O'Reilly, Andrei Kuzmenko, Nick Cousins, Ryan Hartman, Anthony Duclair
Custom OT Lines Defensemen
Jacob Slavin, Erik Karlsson, Jack Johnson, David Rundblad, Stefan Elliott

Scratches
Jarred Tinordi (Healthy), Luke Witkowski (Healthy)

Penguins

5 vs 5 Forward 
   Center                   Left Wing                Right Wing               Time % Phy DF OF 
 1 John Tavares             Kirill Kaprizov          Mark Scheifele           40     1   2  2  
 2 Sebastian Aho            Pavel Zacha              Mathew Barzal            30     1   2  2  
 3 Jeff Carter              Marcus Foligno           Tom Wilson               20     1   2  2  
 4 Colin Wilson             Iven Barbashev           Brandon Tanev            10     1   2  2  

5 vs 5 Defense 
   Defense                  Defense                                           Time % Phy DF OF 
 1 Oscar Klefbom            Keith Aulie                                       45     1   2  2  
 2 Nick Blankenburg         Nick Leddy                                        35     1   2  2  
 3 Gavin Bayreuther         Nikita Tryamkin                                   20     1   2  2  
 4 Oscar Klefbom            Nick Leddy                                        0      1   2  2  

PowerPlay Forward 
   Center                   Left Wing                Right Wing               Time % Phy DF OF 
 1 John Tavares             Kirill Kaprizov          Mark Scheifele           60     0   2  3  
 2 Sebastian Aho            Pavel Zacha              Mathew Barzal            40     0   2  3  

PowerPlay Defense
   Defense                  Defense                                           Time % Phy DF OF 
 1 Oscar Klefbom            Keith Aulie                                       60     0   2  3  
 2 Nikita Tryamkin          Gavin Bayreuther                                  40     0   2  3  

Penalty Kill 4 Players Forward 
   Center                   Wing                     Time % Phy DF OF 
 1 Mark Scheifele           Marcus Foligno           60     1   3  1  
 2 John Tavares             Brandon Tanev            40     1   3  1  

Penalty Kill 4 Players Defense
   Defense                  Defense                  Time % Phy DF OF 
 1 Oscar Klefbom            Keith Aulie              60     1   2  2  
 2 Nick Blankenburg         Nick Leddy               40     1   2  2  

Penalty Kill - 3 Players Forward 
   Forward                                           Time % Phy DF OF 
 1 Marcus Foligno                                    60     1   2  2  
 2 John Tavares                                      40     1   2  2  

Penalty Kill - 3 Players Defense
   Defense                  Defense                  Time % Phy DF OF 
 1 Oscar Klefbom            Keith Aulie              60     1   2  2  
 2 Nick Blankenburg         Nick Leddy               40     1   2  2  

4 vs 4 Forward 
   Center                   Wing                     Time % Phy DF OF 
 1 John Tavares             Mark Scheifele           60     1   2  2  
 2 Sebastian Aho            Pavel Zacha              40     1   2  2  

4 vs 4 Defense
   Defense                  Defense                  Time % Phy DF OF 
 1 Oscar Klefbom            Keith Aulie              50     1   2  2  
 2 Nick Blankenburg         Gavin Bayreuther         50     1   2  2  

Last Minutes Offensive
   Center                   Left Wing                Right Wing               Defense                  Defense                  
   John Tavares             Kirill Kaprizov          Mark Scheifele           Oscar Klefbom            Keith Aulie              

Last Minutes Defensive
   Center                   Left Wing                Right Wing               Defense                  Defense                  
   John Tavares             Marcus Foligno           Tom Wilson               Oscar Klefbom            Keith Aulie              

Goaltenders
Starting : Ondrej Pavelec           
Backup : Jeremy Swayman           

Extra Forwards
Normal : John Tavares, Mark Scheifele, Marcus Foligno - PP : John Tavares, Mark Scheifele - PK : Marcus Foligno
Extra Defensemen
Normal : Oscar Klefbom, Keith Aulie, Nick Leddy - PP : Oscar Klefbom - PK : Oscar Klefbom, Keith Aulie
Penalty Shots
Mark Scheifele, John Tavares, Sebastian Aho, Kirill Kaprizov, Pavel Zacha
Custom OT Lines Forwards
John Tavares, Mark Scheifele, Sebastian Aho, Kirill Kaprizov, Pavel Zacha, Mathew Barzal, Marcus Foligno, Colin Wilson, Tom Wilson, Iven Barbashev
Custom OT Lines Defensemen
Oscar Klefbom, Keith Aulie, Nick Leddy, Gavin Bayreuther, Nick Blankenburg

Scratches
Aaron Ekblad (Right Ankle Injury)

% Time on Ice - Avalanche

Lines # - Real PCT - Wanted PCT - Time Play
Normal Forward
1 - 29% - 31% - 14:16
2 - 29% - 31% - 14:36
3 - 27% - 27% - 13:26
4 - 15% - 11% - 7:31
Normal Defense
1 - 39% - 38% - 19:36
2 - 29% - 30% - 14:41
3 - 28% - 28% - 14:01
4 - 3% - 4% - 1:31
PP Forward
1 - 50% - 50% - 2:02
2 - 50% - 50% - 2:01
PP Defense
1 - 50% - 50% - 2:01
2 - 50% - 50% - 2:02
PK Forward
1 - 48% - 50% - 2:40
2 - 52% - 50% - 2:56
PK Defense
1 - 51% - 50% - 2:53
2 - 49% - 50% - 2:43
PK3 Forward
1 - 0% - 55%
2 - 0% - 45%
PK3 Defense
1 - 0% - 50%
2 - 0% - 50%
44 Forward
1 - 0% - 50%
2 - 0% - 50%
44 Defense
1 - 0% - 55%
2 - 0% - 45%
Last Minute Offensive  - 0:00
Last Minute Defensive  - 0:32
Total
Forward - 60:00
Defense - 60:00

% Time on Ice - Penguins

Lines # - Real PCT - Wanted PCT - Time Play
Normal Forward
1 - 32% - 40% - 15:53
2 - 30% - 30% - 15:03
3 - 25% - 20% - 12:15
4 - 13% - 10% - 6:38
Normal Defense
1 - 43% - 45% - 21:21
2 - 35% - 35% - 17:23
3 - 22% - 20% - 11:05
4 - 0% - 0% - 0:00
PP Forward
1 - 58% - 60% - 3:16
2 - 42% - 40% - 2:20
PP Defense
1 - 61% - 60% - 3:26
2 - 39% - 40% - 2:10
PK Forward
1 - 79% - 60% - 3:11
2 - 21% - 40% - 0:52
PK Defense
1 - 82% - 60% - 3:19
2 - 18% - 40% - 0:44
PK3 Forward
1 - 0% - 60%
2 - 0% - 40%
PK3 Defense
1 - 0% - 60%
2 - 0% - 40%
44 Forward
1 - 0% - 60%
2 - 0% - 40%
44 Defense
1 - 0% - 50%
2 - 0% - 50%
Last Minute Offensive  - 0:32
Last Minute Defensive  - 0:00
Total
Forward - 60:00
Defense - 60:00

Play-by-Play

1st period


0:01 of 1st period - Jean-Gabriel Pageau wins face-off versus John Tavares in neutral zone.
0:28 of 1st period - Ryan O'Reilly is hit by Oscar Klefbom and loses puck.
0:35 of 1st period - Snap shot by Pavel Zacha.
0:35 of 1st period - Shot Misses the Net.
1:01 of 1st period - Snap shot by Nick Cousins.
1:01 of 1st period - Stopped by Ondrej Pavelec with a rebound.
1:35 of 1st period - Snap shot by Patric Hornqvist.
1:35 of 1st period - Goal by Patric Hornqvist - Avalanche : 1 - Penguins : 0.
1:36 of 1st period - Bryan Little wins face-off versus Sebastian Aho in neutral zone.
2:24 of 1st period - Icing by Stefan Elliott.
2:25 of 1st period - Jeff Carter wins face-off versus Ryan O'Reilly in Avalanche zone.
2:32 of 1st period - Stefan Elliott is hit by Tom Wilson and loses puck.
2:40 of 1st period - Off-side.
2:41 of 1st period - Patric Hornqvist wins face-off versus John Tavares in neutral zone.
3:08 of 1st period - Kyle Clifford is hit by Nick Blankenburg and loses puck.
3:17 of 1st period - Snap shot by Kyle Clifford.
3:17 of 1st period - Deflect By Rickard Rakell.
3:17 of 1st period - Shot Misses the Net.
3:17 of 1st period - Puck is out of play.
3:18 of 1st period - Bryan Little wins face-off versus Colin Wilson in Penguins zone.
3:19 of 1st period - Snap shot by Nick Cousins.
3:19 of 1st period - Shot Blocked by Oscar Klefbom.
4:09 of 1st period - Andrei Kuzmenko is hit by Oscar Klefbom and loses puck.
4:36 of 1st period - Tom Wilson is hit by Drake Caggiula.
4:55 of 1st period - Slapshot by Oscar Klefbom.
4:55 of 1st period - Deflect By Colin Wilson.
4:55 of 1st period - Shot Blocked by Vladislav Gavrikov.
4:55 of 1st period - Puck is out of play.
4:56 of 1st period - Colin Wilson wins face-off versus Bryan Little in Avalanche zone.
5:01 of 1st period - Snap shot by Colin Wilson.
5:01 of 1st period - Stopped by Robin Lehner without a rebound.
5:02 of 1st period - Ryan O'Reilly wins face-off versus John Tavares in Avalanche zone.
5:06 of 1st period - Jacob Slavin is hit by Nick Blankenburg and loses puck.
5:49 of 1st period - Off-side.
5:50 of 1st period - Bryan Little wins face-off versus Jeff Carter in neutral zone.
6:06 of 1st period - Anthony Duclair is hit by Marcus Foligno and loses puck.
6:24 of 1st period - Wrist shot by Kirill Kaprizov.
6:24 of 1st period - Stopped by Robin Lehner without a rebound.
6:25 of 1st period - Sebastian Aho wins face-off versus Jean-Gabriel Pageau in Avalanche zone.
6:31 of 1st period - Off-side.
6:32 of 1st period - Jean-Gabriel Pageau wins face-off versus Sebastian Aho in neutral zone.
7:14 of 1st period - Erik Karlsson is hit by Nick Leddy.
7:54 of 1st period - Backhand shot by Jean-Gabriel Pageau.
7:54 of 1st period - Shot Misses the Net.
7:56 of 1st period - Wrist shot by Jean-Gabriel Pageau.
7:56 of 1st period - Stopped by Ondrej Pavelec with a rebound.
7:58 of 1st period - Snap shot by Jean-Gabriel Pageau.
7:58 of 1st period - Deflect By Sebastian Aho.
7:58 of 1st period - Shot Misses the Net.
7:58 of 1st period - Puck is out of play.
7:59 of 1st period - Ryan O'Reilly wins face-off versus John Tavares in Penguins zone.
8:31 of 1st period - Backhand shot by Nick Leddy.
8:31 of 1st period - Shot Misses the Net.
8:46 of 1st period - Icing by Jack Johnson.
8:47 of 1st period - Drake Caggiula wins face-off versus Colin Wilson in Avalanche zone.
8:58 of 1st period - Brandon Tanev is hit by David Rundblad and loses puck.
9:18 of 1st period - Slapshot by Joseph Blandisi.
9:18 of 1st period - Shot Misses the Net.
9:20 of 1st period - Slapshot by David Rundblad.
9:20 of 1st period - Stopped by Ondrej Pavelec with a rebound.
9:22 of 1st period - Wrist shot by Drake Caggiula.
9:22 of 1st period - Shot Blocked by Nick Leddy.
9:24 of 1st period - Snap shot by Drake Caggiula.
9:24 of 1st period - Goal by Drake Caggiula - Avalanche : 2 - Penguins : 0.
9:25 of 1st period - John Tavares wins face-off versus Ryan O'Reilly in neutral zone.
9:57 of 1st period - Snap shot by Erik Karlsson.
9:57 of 1st period - Stopped by Ondrej Pavelec without a rebound.
9:58 of 1st period - Jeff Carter wins face-off versus Bryan Little in Penguins zone.
10:05 of 1st period - Slapshot by Nick Cousins.
10:05 of 1st period - Shot Blocked by Nick Leddy.
10:07 of 1st period - Slapshot by Bryan Little.
10:07 of 1st period - Stopped by Ondrej Pavelec without a rebound.
10:08 of 1st period - Jeff Carter wins face-off versus Bryan Little in Penguins zone.
10:20 of 1st period - Wrist shot by Anthony Duclair.
10:20 of 1st period - Shot Blocked by Nick Blankenburg.
10:36 of 1st period - Snap shot by Marcus Foligno.
10:36 of 1st period - Stopped by Robin Lehner with a rebound.
10:38 of 1st period - Slapshot by Nick Leddy.
10:38 of 1st period - Stopped by Robin Lehner without a rebound.
10:39 of 1st period - John Tavares wins face-off versus Ryan O'Reilly in Avalanche zone.
11:06 of 1st period - Keith Aulie is hit by Erik Karlsson and loses puck.
11:35 of 1st period - Bryan Little is hit by Colin Wilson and loses puck.
11:56 of 1st period - Wrist shot by Jeff Carter.
11:56 of 1st period - Stopped by Robin Lehner with a rebound.
11:58 of 1st period - Slapshot by Nick Blankenburg.
11:58 of 1st period - Shot Misses the Net.
12:17 of 1st period - Wrist shot by Rickard Rakell.
12:17 of 1st period - Stopped by Ondrej Pavelec without a rebound.
12:18 of 1st period - Sebastian Aho wins face-off versus Jean-Gabriel Pageau in Penguins zone.
12:22 of 1st period - Off-side.
12:23 of 1st period - Sebastian Aho wins face-off versus Jean-Gabriel Pageau in neutral zone.
12:25 of 1st period - Oscar Klefbom is hit by Patric Hornqvist and loses puck.
12:41 of 1st period - Keith Aulie is hit by David Rundblad and loses puck.
13:14 of 1st period - Wrist shot by Mathew Barzal.
13:14 of 1st period - Stopped by Robin Lehner with a rebound.
13:16 of 1st period - Slapshot by Oscar Klefbom.
13:16 of 1st period - Stopped by Robin Lehner without a rebound.
13:17 of 1st period - Ryan O'Reilly wins face-off versus John Tavares in Avalanche zone.
13:19 of 1st period - Minor Penalty to Ryan O'Reilly for Tripping.
13:20 of 1st period - Jean-Gabriel Pageau wins face-off versus John Tavares in Avalanche zone.
13:20 of 1st period - Jean-Gabriel Pageau is hit by Mark Scheifele.
15:19 of 1st period - Penalty to Ryan O'Reilly is over, Ryan O'Reilly is back on ice.
15:41 of 1st period - Oscar Klefbom is hit by Patric Hornqvist and loses puck.
16:12 of 1st period - Snap shot by Jeff Carter.
16:12 of 1st period - Shot Misses the Net.
16:32 of 1st period - Slapshot by Marcus Foligno.
16:32 of 1st period - Stopped by Robin Lehner with a rebound.
16:34 of 1st period - Slapshot by Keith Aulie.
16:34 of 1st period - Stopped by Robin Lehner without a rebound.
16:35 of 1st period - John Tavares wins face-off versus Bryan Little in Avalanche zone.
16:44 of 1st period - Wrist shot by John Tavares.
16:44 of 1st period - Shot Hit the Post.
16:46 of 1st period - Slapshot by Nick Leddy.
16:46 of 1st period - Shot Misses the Net.
16:48 of 1st period - Wrist shot by Kirill Kaprizov.
16:48 of 1st period - Shot Misses the Net.
16:50 of 1st period - Slapshot by Mark Scheifele.
16:50 of 1st period - Stopped by Robin Lehner with a rebound.
17:00 of 1st period - Nick Leddy is hit by Stefan Elliott and loses puck.
17:13 of 1st period - Wrist shot by Joseph Blandisi.
17:13 of 1st period - Stopped by Ondrej Pavelec without a rebound.
17:14 of 1st period - Bryan Little wins face-off versus John Tavares in Penguins zone.
17:17 of 1st period - Snap shot by Bryan Little.
17:17 of 1st period - Stopped by Ondrej Pavelec without a rebound.
17:18 of 1st period - John Tavares wins face-off versus Bryan Little in Penguins zone.
17:29 of 1st period - Wrist shot by Mark Scheifele.
17:29 of 1st period - Deflect By Kirill Kaprizov.
17:29 of 1st period - Stopped by Robin Lehner with a rebound.
17:31 of 1st period - Snap shot by Mark Scheifele.
17:31 of 1st period - Shot Misses the Net.
17:33 of 1st period - Snap shot by Kirill Kaprizov.
17:33 of 1st period - Stopped by Robin Lehner without a rebound.
17:34 of 1st period - Drake Caggiula wins face-off versus John Tavares in Avalanche zone.
17:39 of 1st period - Slapshot by John Tavares.
17:39 of 1st period - Stopped by Robin Lehner with a rebound.
17:41 of 1st period - Slapshot by Nick Leddy.
17:41 of 1st period - Stopped by Robin Lehner with a rebound.
17:45 of 1st period - Snap shot by Mark Scheifele.
17:45 of 1st period - Shot Blocked by Vladislav Gavrikov.
17:47 of 1st period - Slapshot by Nick Leddy.
17:47 of 1st period - Stopped by Robin Lehner with a rebound.
18:34 of 1st period - Wrist shot by Rickard Rakell.
18:34 of 1st period - Shot Blocked by Marcus Foligno.
18:54 of 1st period - Icing by Stefan Elliott.
18:55 of 1st period - Jean-Gabriel Pageau wins face-off versus Sebastian Aho in Avalanche zone.
18:57 of 1st period - Icing by Andrei Kuzmenko.
18:58 of 1st period - Jean-Gabriel Pageau wins face-off versus Sebastian Aho in Avalanche zone.
19:04 of 1st period - Minor Penalty to Keith Aulie for Holding Stick.
19:05 of 1st period - Mark Scheifele wins face-off versus Jean-Gabriel Pageau in Penguins zone.
19:13 of 1st period - Off-side.
19:14 of 1st period - Mark Scheifele wins face-off versus Jean-Gabriel Pageau in neutral zone.
19:25 of 1st period - Erik Karlsson is hit by Nick Blankenburg and loses puck.
Goals for this period are 2 for Avalanche vs 0 for Penguins.
Shots for this period are 10 for Avalanche vs 15 for Penguins.

2nd period


0:01 of 2nd period - Bryan Little wins face-off versus Mark Scheifele in neutral zone.
1:04 of 2nd period - Penalty to Keith Aulie is over, Keith Aulie is back on ice.
1:42 of 2nd period - Slapshot by Pavel Zacha.
1:42 of 2nd period - Stopped by Robin Lehner with a rebound.
2:29 of 2nd period - Vladislav Gavrikov is hit by John Tavares and loses puck.
2:38 of 2nd period - Wrist shot by Joseph Blandisi.
2:38 of 2nd period - Stopped by Ondrej Pavelec with a rebound.
3:05 of 2nd period - Ryan Hartman is hit by Iven Barbashev and loses puck.
3:40 of 2nd period - Marcus Foligno is hit by Bryan Little and loses puck.
3:49 of 2nd period - Wrist shot by Bryan Little.
3:49 of 2nd period - Shot Misses the Net.
4:01 of 2nd period - Gavin Bayreuther is hit by Kyle Clifford and loses puck.
5:20 of 2nd period - Snap shot by Pavel Zacha.
5:20 of 2nd period - Shot Misses the Net.
5:34 of 2nd period - Minor Penalty to Nick Cousins for Slashing.
5:35 of 2nd period - Jean-Gabriel Pageau wins face-off versus John Tavares in Avalanche zone.
5:35 of 2nd period - Jean-Gabriel Pageau is hit by Kirill Kaprizov.
5:45 of 2nd period - Jack Johnson is hit by John Tavares and loses puck.
7:34 of 2nd period - Penalty to Nick Cousins is over, Nick Cousins is back on ice.
8:02 of 2nd period - Nick Blankenburg is hit by Stefan Elliott and loses puck.
9:03 of 2nd period - Nick Blankenburg is hit by Vladislav Gavrikov and loses puck.
9:38 of 2nd period - Jack Johnson is hit by Gavin Bayreuther and loses puck.
9:50 of 2nd period - Icing by Jack Johnson.
9:51 of 2nd period - Bryan Little wins face-off versus Colin Wilson in Avalanche zone.
10:01 of 2nd period - Nick Cousins is hit by Iven Barbashev and loses puck.
10:16 of 2nd period - Slapshot by Mathew Barzal.
10:16 of 2nd period - Shot Blocked by Nick Cousins.
10:31 of 2nd period - Wrist shot by Anthony Duclair.
10:31 of 2nd period - Shot Blocked by Nikita Tryamkin.
10:43 of 2nd period - Wrist shot by Nick Cousins.
10:43 of 2nd period - Stopped by Ondrej Pavelec with a rebound.
10:51 of 2nd period - Slapshot by Bryan Little.
10:51 of 2nd period - Stopped by Ondrej Pavelec without a rebound.
10:52 of 2nd period - Jean-Gabriel Pageau wins face-off versus John Tavares in Penguins zone.
11:42 of 2nd period - Slapshot by Drake Caggiula.
11:42 of 2nd period - Shot Misses the Net.
12:04 of 2nd period - Vladislav Gavrikov is hit by Kirill Kaprizov.
12:08 of 2nd period - Mark Scheifele is hit by Jean-Gabriel Pageau and loses puck.
13:04 of 2nd period - Slapshot by Sebastian Aho.
13:04 of 2nd period - Stopped by Robin Lehner with a rebound.
13:16 of 2nd period - Wrist shot by Rickard Rakell.
13:16 of 2nd period - Stopped by Ondrej Pavelec without a rebound.
13:17 of 2nd period - John Tavares wins face-off versus Ryan O'Reilly in Penguins zone.
13:44 of 2nd period - Nick Cousins is hit by Keith Aulie and loses puck.
13:49 of 2nd period - Snap shot by Mathew Barzal.
13:49 of 2nd period - Shot Misses the Net.
14:19 of 2nd period - Wrist shot by Jean-Gabriel Pageau.
14:19 of 2nd period - Stopped by Ondrej Pavelec with a rebound.
14:31 of 2nd period - Drake Caggiula is hit by Brandon Tanev.
14:58 of 2nd period - Vladislav Gavrikov is hit by Mark Scheifele and loses puck.
15:41 of 2nd period - Gavin Bayreuther is hit by Jack Johnson and loses puck.
16:16 of 2nd period - Joseph Blandisi is hit by Pavel Zacha and loses puck.
16:37 of 2nd period - Wrist shot by Joseph Blandisi.
16:37 of 2nd period - Shot Misses the Net.
16:39 of 2nd period - Snap shot by Drake Caggiula.
16:39 of 2nd period - Shot Hit the Post.
16:45 of 2nd period - Wrist shot by Drake Caggiula.
16:45 of 2nd period - Goal by Drake Caggiula - Avalanche : 3 - Penguins : 0.
16:46 of 2nd period - John Tavares wins face-off versus Ryan O'Reilly in neutral zone.
16:55 of 2nd period - Snap shot by Mark Scheifele.
16:55 of 2nd period - Stopped by Robin Lehner with a rebound.
17:15 of 2nd period - Wrist shot by Jeff Carter.
17:15 of 2nd period - Stopped by Robin Lehner with a rebound.
17:22 of 2nd period - Minor Penalty to Jeff Carter for Goalie Interference.
17:23 of 2nd period - Bryan Little wins face-off versus Mark Scheifele in Penguins zone.
17:24 of 2nd period - Slapshot by Andrei Kuzmenko.
17:24 of 2nd period - Deflect By Nick Cousins.
17:24 of 2nd period - Stopped by Ondrej Pavelec with a rebound.
18:01 of 2nd period - Snap shot by Bryan Little.
18:01 of 2nd period - Stopped by Ondrej Pavelec without a rebound.
18:02 of 2nd period - Jean-Gabriel Pageau wins face-off versus Mark Scheifele in Penguins zone.
18:54 of 2nd period - Iven Barbashev is hit by Jean-Gabriel Pageau and loses puck.
19:22 of 2nd period - Penalty to Jeff Carter is over, Jeff Carter is back on ice.
19:23 of 2nd period - Wrist shot by Iven Barbashev.
19:23 of 2nd period - Stopped by Robin Lehner without a rebound.
19:24 of 2nd period - Drake Caggiula wins face-off versus Sebastian Aho in Avalanche zone.
19:33 of 2nd period - Slapshot by Sebastian Aho.
19:33 of 2nd period - Stopped by Robin Lehner without a rebound.
19:34 of 2nd period - Drake Caggiula wins face-off versus Sebastian Aho in Avalanche zone.
19:47 of 2nd period - Backhand shot by Gavin Bayreuther.
19:47 of 2nd period - Deflect By Joseph Blandisi.
19:47 of 2nd period - Stopped by Robin Lehner without a rebound.
19:48 of 2nd period - John Tavares wins face-off versus Jean-Gabriel Pageau in Avalanche zone.
19:55 of 2nd period - Oscar Klefbom is hit by Jean-Gabriel Pageau and loses puck.
Goals for this period are 1 for Avalanche vs 0 for Penguins.
Shots for this period are 8 for Avalanche vs 7 for Penguins.

3rd period


0:01 of 3rd period - Jean-Gabriel Pageau wins face-off versus John Tavares in neutral zone.
0:17 of 3rd period - Wrist shot by Jean-Gabriel Pageau.
0:17 of 3rd period - Shot Misses the Net.
1:10 of 3rd period - Bryan Little is hit by Kirill Kaprizov and loses puck.
1:41 of 3rd period - Snap shot by Colin Wilson.
1:41 of 3rd period - Deflect By Brandon Tanev.
1:41 of 3rd period - Goal by Brandon Tanev - Avalanche : 3 - Penguins : 1.
1:42 of 3rd period - Ryan O'Reilly wins face-off versus John Tavares in neutral zone.
1:56 of 3rd period - Wrist shot by Kyle Clifford.
1:56 of 3rd period - Stopped by Ondrej Pavelec with a rebound.
1:58 of 3rd period - Slapshot by David Rundblad.
1:58 of 3rd period - Stopped by Ondrej Pavelec with a rebound.
2:08 of 3rd period - Patric Hornqvist is hit by Oscar Klefbom and loses puck.
2:15 of 3rd period - Snap shot by Patric Hornqvist.
2:15 of 3rd period - Stopped by Ondrej Pavelec with a rebound.
2:17 of 3rd period - Slapshot by Jack Johnson.
2:17 of 3rd period - Shot Misses the Net.
2:19 of 3rd period - Wrist shot by Jack Johnson.
2:19 of 3rd period - Shot Blocked by Oscar Klefbom.
2:29 of 3rd period - Snap shot by Keith Aulie.
2:29 of 3rd period - Stopped by Robin Lehner without a rebound.
2:30 of 3rd period - Jeff Carter wins face-off versus Bryan Little in Avalanche zone.
2:39 of 3rd period - Wrist shot by Marcus Foligno.
2:39 of 3rd period - Shot Misses the Net.
2:45 of 3rd period - Wrist shot by Tom Wilson.
2:45 of 3rd period - Stopped by Robin Lehner without a rebound.
2:46 of 3rd period - Kyle Clifford wins face-off versus John Tavares in Avalanche zone.
2:46 of 3rd period - Kyle Clifford is hit by Kirill Kaprizov.
3:02 of 3rd period - Slapshot by Kyle Clifford.
3:02 of 3rd period - Stopped by Ondrej Pavelec with a rebound.
3:17 of 3rd period - Nick Cousins is hit by Oscar Klefbom.
3:37 of 3rd period - Wrist shot by Kirill Kaprizov.
3:37 of 3rd period - Shot Misses the Net.
3:55 of 3rd period - Slapshot by Mark Scheifele.
3:55 of 3rd period - Deflect By John Tavares.
3:55 of 3rd period - Shot Misses the Net.
3:55 of 3rd period - Puck is out of play.
3:56 of 3rd period - Sebastian Aho wins face-off versus Ryan O'Reilly in Avalanche zone.
4:01 of 3rd period - Wrist shot by Sebastian Aho.
4:01 of 3rd period - Deflect By Pavel Zacha.
4:01 of 3rd period - Stopped by Robin Lehner without a rebound.
4:02 of 3rd period - Sebastian Aho wins face-off versus Ryan O'Reilly in Avalanche zone.
4:15 of 3rd period - Snap shot by Sebastian Aho.
4:15 of 3rd period - Shot Misses the Net.
4:17 of 3rd period - Snap shot by Oscar Klefbom.
4:17 of 3rd period - Deflect By Mathew Barzal.
4:17 of 3rd period - Stopped by Robin Lehner with a rebound.
5:48 of 3rd period - Slapshot by Kirill Kaprizov.
5:48 of 3rd period - Shot Misses the Net.
6:00 of 3rd period - Snap shot by Andrei Kuzmenko.
6:00 of 3rd period - Stopped by Ondrej Pavelec without a rebound.
6:01 of 3rd period - Jean-Gabriel Pageau wins face-off versus Jeff Carter in Penguins zone.
6:28 of 3rd period - Jacob Slavin is hit by Mark Scheifele and loses puck.
6:34 of 3rd period - Minor Penalty to Erik Karlsson for High sticking.
6:35 of 3rd period - John Tavares wins face-off versus Kyle Clifford in Avalanche zone.
6:54 of 3rd period - Icing by Kirill Kaprizov.
6:55 of 3rd period - Ryan O'Reilly wins face-off versus John Tavares in Penguins zone.
6:56 of 3rd period - Snap shot by Patric Hornqvist.
6:56 of 3rd period - Stopped by Ondrej Pavelec without a rebound.
6:57 of 3rd period - Ryan O'Reilly wins face-off versus John Tavares in Penguins zone.
7:00 of 3rd period - Snap shot by Ryan O'Reilly.
7:00 of 3rd period - Shot Blocked by Keith Aulie.
7:06 of 3rd period - Patric Hornqvist is hit by Kirill Kaprizov and loses puck.
7:29 of 3rd period - Slapshot by Sebastian Aho.
7:29 of 3rd period - Shot Misses the Net.
7:31 of 3rd period - Slapshot by Keith Aulie.
7:31 of 3rd period - Goal by Keith Aulie - Avalanche : 3 - Penguins : 2.
7:32 of 3rd period - John Tavares wins face-off versus Ryan O'Reilly in neutral zone.
7:59 of 3rd period - Erik Karlsson is hit by Tom Wilson and loses puck.
8:22 of 3rd period - Snap shot by Brandon Tanev.
8:22 of 3rd period - Stopped by Robin Lehner without a rebound.
8:23 of 3rd period - Andrei Kuzmenko wins face-off versus Colin Wilson in Avalanche zone.
8:28 of 3rd period - Brandon Tanev is hit by Jean-Gabriel Pageau and loses puck.
9:31 of 3rd period - Snap shot by Sebastian Aho.
9:31 of 3rd period - Shot Misses the Net.
9:33 of 3rd period - Wrist shot by Tom Wilson.
9:33 of 3rd period - Stopped by Robin Lehner without a rebound.
9:34 of 3rd period - Jeff Carter wins face-off versus Ryan O'Reilly in Avalanche zone.
9:45 of 3rd period - Marcus Foligno is hit by Kyle Clifford and loses puck.
10:21 of 3rd period - Bryan Little is hit by Mark Scheifele and loses puck.
10:42 of 3rd period - Drake Caggiula is hit by Mathew Barzal and loses puck.
11:17 of 3rd period - Minor Penalty to Iven Barbashev for Delaying the game.
11:18 of 3rd period - Jean-Gabriel Pageau wins face-off versus Mark Scheifele in Penguins zone.
11:22 of 3rd period - Snap shot by Kyle Clifford.
11:22 of 3rd period - Goal by Kyle Clifford - Avalanche : 4 - Penguins : 2.
11:23 of 3rd period - John Tavares wins face-off versus Jean-Gabriel Pageau in neutral zone.
11:34 of 3rd period - Mark Scheifele is hit by Patric Hornqvist and loses puck.
11:57 of 3rd period - Snap shot by Ryan O'Reilly.
11:57 of 3rd period - Stopped by Ondrej Pavelec without a rebound.
11:58 of 3rd period - Ryan O'Reilly wins face-off versus John Tavares in Penguins zone.
12:07 of 3rd period - Snap shot by John Tavares.
12:07 of 3rd period - Shot Misses the Net.
12:09 of 3rd period - Slapshot by Nick Leddy.
12:09 of 3rd period - Stopped by Robin Lehner with a rebound.
12:11 of 3rd period - Snap shot by Mark Scheifele.
12:11 of 3rd period - Shot Blocked by Erik Karlsson.
12:29 of 3rd period - Keith Aulie is hit by Andrei Kuzmenko and loses puck.
12:56 of 3rd period - Snap shot by Bryan Little.
12:56 of 3rd period - Stopped by Ondrej Pavelec with a rebound.
13:32 of 3rd period - Wrist shot by Iven Barbashev.
13:32 of 3rd period - Stopped by Robin Lehner without a rebound.
13:33 of 3rd period - John Tavares wins face-off versus Ryan O'Reilly in Avalanche zone.
13:42 of 3rd period - Wrist shot by Rickard Rakell.
13:42 of 3rd period - Shot Blocked by Nick Leddy.
13:44 of 3rd period - Snap shot by Rickard Rakell.
13:44 of 3rd period - Stopped by Ondrej Pavelec with a rebound.
13:46 of 3rd period - Slapshot by Vladislav Gavrikov.
13:46 of 3rd period - Stopped by Ondrej Pavelec without a rebound.
13:47 of 3rd period - John Tavares wins face-off versus Andrei Kuzmenko in Penguins zone.
14:11 of 3rd period - Icing by John Tavares.
14:12 of 3rd period - Ryan O'Reilly wins face-off versus John Tavares in Penguins zone.
14:13 of 3rd period - Snap shot by Kyle Clifford.
14:13 of 3rd period - Stopped by Ondrej Pavelec without a rebound.
14:14 of 3rd period - Ryan O'Reilly wins face-off versus John Tavares in Penguins zone.
14:43 of 3rd period - Backhand shot by Jacob Slavin.
14:43 of 3rd period - Shot Misses the Net.
15:13 of 3rd period - Slapshot by Jacob Slavin.
15:13 of 3rd period - Stopped by Ondrej Pavelec without a rebound.
15:14 of 3rd period - Nick Cousins wins face-off versus John Tavares in Penguins zone.
15:19 of 3rd period - Slapshot by Bryan Little.
15:19 of 3rd period - Shot Misses the Net.
15:21 of 3rd period - Slapshot by Stefan Elliott.
15:21 of 3rd period - Stopped by Ondrej Pavelec with a rebound.
15:25 of 3rd period - Snap shot by Nick Cousins.
15:25 of 3rd period - Goal by Nick Cousins - Avalanche : 5 - Penguins : 2.
15:26 of 3rd period - Patric Hornqvist wins face-off versus Kirill Kaprizov in neutral zone.
16:31 of 3rd period - Minor Penalty to Rickard Rakell for Tripping.
16:32 of 3rd period - Jean-Gabriel Pageau wins face-off versus John Tavares in Avalanche zone.
17:10 of 3rd period - Snap shot by Sebastian Aho.
17:10 of 3rd period - Stopped by Robin Lehner without a rebound.
17:11 of 3rd period - John Tavares wins face-off versus Ryan O'Reilly in Avalanche zone.
17:12 of 3rd period - Wrist shot by Mark Scheifele.
17:12 of 3rd period - Goal by Mark Scheifele - Avalanche : 5 - Penguins : 3.
17:13 of 3rd period - John Tavares wins face-off versus Bryan Little in neutral zone.
17:18 of 3rd period - Stefan Elliott is hit by Mark Scheifele and loses puck.
17:48 of 3rd period - Snap shot by Andrei Kuzmenko.
17:48 of 3rd period - Stopped by Ondrej Pavelec without a rebound.
17:49 of 3rd period - Bryan Little wins face-off versus Sebastian Aho in Penguins zone.
18:00 of 3rd period - Wrist shot by Sebastian Aho.
18:00 of 3rd period - Shot Blocked by Jacob Slavin.
18:23 of 3rd period - Slapshot by Nick Blankenburg.
18:23 of 3rd period - Stopped by Robin Lehner with a rebound.
18:29 of 3rd period - Marcus Foligno is hit by Bryan Little and loses puck.
18:50 of 3rd period - Nick Cousins is hit by Mark Scheifele and loses puck.
19:15 of 3rd period - Slapshot by Stefan Elliott.
19:15 of 3rd period - Stopped by Ondrej Pavelec without a rebound.
19:16 of 3rd period - Sebastian Aho wins face-off versus Patric Hornqvist in Penguins zone.
19:23 of 3rd period - Slapshot by Oscar Klefbom.
19:23 of 3rd period - Shot Blocked by Jean-Gabriel Pageau.
19:25 of 3rd period - Wrist shot by Sebastian Aho.
19:25 of 3rd period - Stopped by Robin Lehner with a rebound.
19:27 of 3rd period - Wrist shot by Pavel Zacha.
19:27 of 3rd period - Goal by Pavel Zacha - Avalanche : 5 - Penguins : 4.
19:28 of 3rd period - Jean-Gabriel Pageau wins face-off versus John Tavares in neutral zone.
19:49 of 3rd period - Jack Johnson is hit by Kirill Kaprizov.
19:50 of 3rd period - Icing by Jack Johnson.
19:51 of 3rd period - John Tavares wins face-off versus Jean-Gabriel Pageau in Avalanche zone.
19:52 of 3rd period - Penguins, Ondrej Pavelec is pulled from the net.
Goals for this period are 2 for Avalanche vs 4 for Penguins.
Shots for this period are 17 for Avalanche vs 15 for Penguins.